 Dungeon Crawl Stone Soup version 0.23.2-1-ga50397a (webtiles) character file.

Game seed: 7165483319494755766

172 funkygono the Conjurer (level 5, 0/33 HPs)
             Began as a Deep Elf Conjurer on May 2, 2019.
             Slain by an iguana (1 damage)
             ... on level 3 of the Dungeon on May 4, 2019.
             The game lasted 00:09:00 (2535 turns).

funkygono the Conjurer (Deep Elf Conjurer)          Turns: 2535, Time: 00:09:01

Health: 0/33       AC:  4    Str:  5    XL:     5   Next: 27%
Magic:  0/13       EV: 12    Int: 25    God:
Gold:   161        SH:  0    Dex: 15    Spells: 3/13 levels left

rFire    . . .     SeeInvis .   k - +0 dagger
rCold    . . .     Gourm    .   (no shield)
rNeg     . . .     Faith    .   o - +0 leather armour
rPois    +         Spirit   .   n - +0 helmet
rElec    .         Reflect  .   (no cloak)
rCorr    .         Harm     .   (no gloves)
MR       .....                  (no boots)
Stlth    ++........             (no amulet)
HPRegen  0.11/turn              i - ring of poison resistance
MPRegen  0.13/turn              d - +4 ring of intelligence

@: no status effects
A: robust 2
a: no special abilities


You were on level 3 of the Dungeon.
You were not hungry.

You visited 1 branch of the dungeon, and saw 4 of its levels.

You collected 161 gold pieces.

Inventory:

Hand Weapons
 k - a +0 dagger (weapon)
Missiles
 j - 126 stones (quivered)
Armour
 a - a +0 robe
 n - a +0 helmet (worn)
 o - a +0 leather armour (worn)
Jewellery
 d - a +4 ring of intelligence (right hand)
 i - a ring of poison resistance (left hand)
 t - an uncursed ring of stealth
Scrolls
 e - 3 scrolls of remove curse
 h - a scroll of fear
Potions
 f - a potion of magic
 l - a potion of degeneration
 m - a potion of brilliance
Comestibles
 b - 3 chunks of flesh
 c - 5 rations


   Skills:
 + Level 0.1 Armour
 + Level 2.5 Dodging
 + Level 2.9 Stealth
 * Level 4.6 Spellcasting
 * Level 6.2 Conjurations
 * Level 1.0 Hexes


You had 3 spell levels left.
You knew the following spells:

 Your Spells              Type           Power        Failure   Level  Hunger
a - Magic Dart            Conj           ####         1%          1    None
b - Searing Ray           Conj           #####.       1%          2    None
c - Dazzling Spray        Conj/Hex       ###...       10%         3    ##.....
d - Iskenderun's Mystic   Conj           #####...     11%         4    ####...

Your spell library contained the following spells:

 Spells                   Type           Power        Failure   Level  Hunger
 Conjure Flame            Conj/Fire      ###.....     12%         3    ##.....
 Slow                     Hex            ##......     14%         2    None
 Mephitic Cloud           Conj/Pois/Air  ###.....     19%         3    ##.....
 Blink                    Tloc           N/A          22%         2    None
 Call Imp                 Summ           #.......     22%         2    None
 Fulminant Prism          Conj/Hex       ###.......   32%         4    ####...
 Force Lance              Conj/Tloc      ###.....     36%         4    ####...


Dungeon Overview and Level Annotations

Branches:
Dungeon (4/15)
 Temple: D:4-7

Altars:
Kikubaaqudgha
Nemelex Xobeh
Trog

Annotations:
D:3 2 transporters, Killmatronix's ghost, amateur DrCK


Innate Abilities, Weirdness & Mutations

You are very robust. (+20% HP)


Message History

* * * LOW HITPOINT WARNING * * *
You feel sick.
It was a potion of mutation.
You feel extremely strange.
You feel robust. x2
* * * LOW HITPOINT WARNING * * *
You feel sick. The iguana barely misses you.
It was a potion of curing.
You feel better. The iguana bites you.
* * * LOW HITPOINT WARNING * * *
Casting: Searing Ray (safe; 1% risk of failure)
Confirm with . or Enter, or press ? or * to list all spells.
Aiming: Searing Ray (safe; 1% risk of failure)
Press: ? - help, Shift-Dir - straight line, f - iguana
Aim: an iguana The searing ray hits the iguana.
The iguana is lightly wounded. (Press . to maintain the ray.)
The iguana bites you!
* * * LOW HITPOINT WARNING * * *
The searing ray misses the iguana.
The iguana bites you.
You die...

######### #...รท...#
################.#####.######
..............##.##.........#
######.######.##.##.##.####.#
.......#.## #.##@##.##.# ##.##
........#.###.##l##.##.###...##
.#####.###...#......##........#
.# #..#.###.##.#.###.###...##
.# #.#.####...........###.## .#
##.#.......#.#.###..# ###
.####....####.##.#.###..####
.).....#.# #.##.#.........#
.......#.#
#........#####.######


You could see an iguana.

Vanquished Creatures
  A scorpion (D:3)
  5 adders
  2 oozes (D:2)
  4 dart slugs
  3 leopard geckos
  An orc (D:3)
  A ball python (D:2)
  2 giant cockroaches
  8 goblins
  5 hobgoblins
  2 jackals (D:1)
  2 quokkas (D:3)
  4 bats
  4 frilled lizards
  6 kobolds
  14 rats
64 creatures vanquished.

Vanquished Creatures (others)
  6 plants (D:3)
6 creatures vanquished.

Grand Total: 70 creatures vanquished

Notes
Turn   | Place    | Note
-------+----------+-------------------------------------------
     0 | D:1      | funkygono the Deep Elf Conjurer began the quest for the
                  | Orb.
     0 | D:1      | Reached XP level 1. HP: 10/10 MP: 6/6
   280 | D:1      | Reached XP level 2. HP: 15/15 MP: 2/8
   348 | D:1      | Reached skill level 5 in Conjurations
  1083 | D:1      | Learned a level 2 spell: Searing Ray
  1088 | D:2      | Reached XP level 3. HP: 19/19 MP: 3/9
  1118 | D:2      | Found an ancient bone altar of Kikubaaqudgha.
  1226 | D:2      | Learned a level 3 spell: Dazzling Spray
  1474 | D:2      | Reached XP level 4. HP: 24/24 MP: 7/11
  1535 | D:2      | Found a sparkling altar of Nemelex Xobeh.
  1659 | D:2      | Reached skill level 6 in Conjurations
  1711 | D:2      | Noticed a moth of wrath
  1714 | D:2      | Found a bloodstained altar of Trog.
  1814 | D:2      | Learned a level 4 spell: Iskenderun's Mystic Blast
  1896 | D:3      | Found a transporter.
  1898 | D:3      | Identified the +11 halberd of the Heart {elec, Str+4}
  1940 | D:3      | Noticed Killmatronix's ghost (amateur DrCK)
  2067 | D:3      | Found a transporter.
  2529 | D:3      | Reached skill level 1 in Hexes
  2529 | D:3      | Reached XP level 5. HP: 14/28 MP: 6/13
  2532 | D:3      | Gained mutation: You are robust. (+10% HP) [potion of
                  | mutation]
  2532 | D:3      | Gained mutation: You are very robust. (+20% HP) [potion of
                  | mutation]
  2534 | D:3      | HP: 1/33 [iguana (8)]
  2535 | D:3      | Slain by an iguana

Skill      XL: |  1  2  3  4 |
---------------+-------------+-----
Conjurations   | 5 6 |  6.2
Spellcasting   | 4 |  4.6
Hexes          | 1 |  1.0
Armour         | |  0.1
Dodging        | |  2.5
Stealth        | |  2.9

Action                   |  1- 3 |  4- 6 || total
-------------------------+-------+-------++-------
Melee: Unarmed           |     1 |       ||     1
 Cast: Magic Dart        |    61 |    46 ||   107
       Searing Ray       |     3 |     5 ||     8
  Use: Scroll            |     6 |     4 ||    10
       Potion            |       |     3 ||     3
  Eat: Chunk             |     2 |     3 ||     5
Armor: Robe              |     2 |       ||     2
       Leather armour    |       |     5 ||     5
Dodge: Dodged            |     6 |    17 ||    23
